Map: Ulrena

Players

Lind

  • Race: Protoss Protoss
  • League: Master

Miszu - Winner!

  • Race: Terran Terran
  • League: Master

VOD

Have the link to the VOD?

Description

Time

  • Played on: Feb. 2, 2016, 5:29 p.m.
  • Length: 4:40
Show
View Real Time Build Order
Export as new Build Order

Lind Protoss 

Build Orders: 1 Gate Expand, Oracle Opening 

Get SALT Encoding   

  12  0:01  Probe (Chrono Boost)  
  13  0:11  Probe (Chrono Boost)  
  14  0:21  Pylon  
  14  0:22  Probe (Chrono Boost)  
  15  0:39  Gateway, Probe (Chrono Boost)  
  15  0:42  Assimilator  
  17  0:50  Probe (Chrono Boost)  
  17  1:00  Probe (Chrono Boost)  
  18  1:11  Probe (Chrono Boost)  
  19  1:20  Nexus  
  19  1:24  Probe (Chrono Boost)  
  20  1:34  Cybernetics Core  
  20  1:36  Probe (Chrono Boost)  
  21  1:43  Assimilator  
  22  1:47  Probe (Chrono Boost)  
  22  1:51  Pylon  
  22  1:57  Probe (Chrono Boost)  
  23  2:09  Probe (Chrono Boost)  
  23  2:11  Adept (Chrono Boost)  
  26  2:21  Stargate, Probe  
  27  2:33  Probe  
  27  2:34  Warp Gate  
  27  2:35  Adept (Chrono Boost)  
  27  2:36  Probe  
  31  2:45  Probe  
  31  2:46  Probe  
  33  2:57  Probe  
  33  2:58  Probe  
  34  3:00  Assimilator  
  34  3:01  Assimilator  
  35  3:06  Oracle (Chrono Boost)  
  35  3:07  Probe  
  35  3:10  Probe  
  40  3:14  Adept  
  40  3:18  Probe  
  43  3:22  Probe  
  43  3:24  Pylon  
  44  3:28  Probe  
  43  3:34  Mothership Core  
  43  3:39  Probe  
  46  3:50  Probe  
  48  3:55  Probe  
  35  4:35  Pylon  
  35  4:36  Pylon  
  35  4:37  Pylon  
Show
View Real Time Build Order
Export as new Build Order

Miszu Terran - Winner!

Build Orders: Command Center First (CC) 

Get SALT Encoding   

  12  0:00  SCV  
  13  0:12  SCV  
  14  0:17  Supply Depot  
  14  0:24  SCV  
  15  0:39  SCV  
  16  0:51  SCV  
  17  1:02  Command Center  
  17  1:03  SCV  
  18  1:15  SCV  
  18  1:17  Barracks  
  19  1:27  SCV  
  19  1:31  Barracks  
  20  1:39  SCV  
  21  1:45  Barracks  
  21  1:52  SCV  
  22  2:04  Orbital Command  
  22  2:05  Marine  
  23  2:13  Orbital Command  
  23  2:18  Marine  
  24  2:23  Marine  
  25  2:30  SCV  
  25  2:32  Marine  
  25  2:36  Marine  
  28  2:39  Refinery x2  
  28  2:41  Marine  
  28  2:42  SCV  
  30  2:44  SCV  
  30  2:50  Marine  
  32  2:54  Marine, SCV  
  32  2:55  Supply Depot  
  32  2:57  SCV  
  35  3:04  Marine  
  35  3:05  Supply Depot  
  36  3:06  SCV  
  36  3:08  Barracks Tech Lab  
  36  3:09  SCV  
  38  3:17  Marine  
  38  3:18  SCV  
  40  3:21  Supply Depot  
  40  3:22  Marine, SCV  
  42  3:28  Marine  
  43  3:35  Marine  
  43  3:39  Marine  
  45  3:41  SCV  
  45  3:43  SCV  
  45  3:46  Marine  
  48  3:49  Engineering Bay  
  48  3:53  Marine  
  44  3:57  Marine  
  40  4:12  Marine  
  40  4:14  SCV x2  
  40  4:15  Marine  
  43  4:18  Missile Turret  
  43  4:19  Missile Turret  
Tags
 
Add a new tag
Caveats
  • Supply blocks, unpowered buildings, or Contaminate may cause inaccurate times.
  • Supply counts are checked every 10 seconds.